Map: 光影交错-天梯版

Players

JieShi

  • Race: Protoss Protoss
  • League: Master

iGXY (XY) - Winner!

  • Race: Terran Terran

Event: DreamHack SC2 Masters 2020 Winter

VOD

Have the link to the VOD?

Description

Time

  • Played on: Oct. 30, 2020, 9:56 a.m.
  • Length: 14:50

All games in this series

Show
View Real Time Build Order
Export as new Build Order

JieShi Protoss 

Build Orders: 1 Gate Expand, Oracle Opening, Phoenix Opening 

Get SALT Encoding   

  12  0:00  Probe  
  13  0:12  Probe  
  14  0:18  Pylon  
  14  0:25  Probe (Chrono Boost)  
  15  0:37  Gateway  
  15  0:38  Probe (Chrono Boost)  
  16  0:44  Probe (Chrono Boost)  
  16  0:47  Assimilator  
  17  0:52  Probe  
  18  1:04  Probe  
  19  1:16  Probe  
  20  1:25  Nexus  
  20  1:35  Cybernetics Core, Probe  
  21  1:42  Assimilator  
  21  1:48  Probe  
  21  1:51  Pylon  
  22  2:00  Probe  
  23  2:09  Adept (Chrono Boost)  
  23  2:12  Probe  
  26  2:19  Stargate  
  26  2:24  Probe  
  26  2:28  Warp Gate  
  26  2:29  Adept (Chrono Boost)  
  30  2:38  Probe (Chrono Boost)  
  30  2:41  Probe (Chrono Boost)  
  31  2:47  Probe (Chrono Boost)  
  31  2:50  Probe (Chrono Boost)  
  33  2:52  Adept, Probe (Chrono Boost)  
  36  3:00  Probe  
  36  3:03  Oracle (Chrono Boost)  
  36  3:04  Probe  
  41  3:12  Probe  
  42  3:13  Pylon  
  42  3:16  Probe  
  43  3:24  Gateway  
  43  3:26  Gateway  
  43  3:28  Probe  
  43  3:29  Probe  
  45  3:36  Phoenix (Chrono Boost)  
  45  3:40  Probe  
  45  3:41  Probe  
  47  3:49  Pylon  
  47  3:53  Probe  
  47  3:54  Probe  
  49  3:57  Phoenix (Chrono Boost)  
  51  4:05  Probe  
  51  4:06  Probe  
  53  4:17  Phoenix (Chrono Boost)  
  55  4:20  Adept x2  
  55  4:22  Adept  
  61  4:26  Probe  
  61  4:30  Nexus  
  62  4:35  Assimilator, Pylon  
  62  4:38  Assimilator  
  62  4:42  Probe  
  62  4:44  Probe  
  60  4:54  Probe  
  60  4:55  Phoenix (Chrono Boost)  
  60  4:56  Probe  
  60  4:58  Adept  
  60  4:59  Adept  
  68  5:01  Adept  
  70  5:11  Pylon  
  70  5:14  Pylon  
  70  5:16  Twilight Council  
  70  5:20  Forge  
  70  5:29  Probe x2  
  72  5:39  Protoss Ground Weapons Level 1 (Chrono Boost)  
  72  5:41  Probe x2  
  72  5:42  Resonating Glaives (Chrono Boost)  
  71  5:47  Probe  
  72  5:52  Gateway  
  72  5:53  Probe x2  
  72  5:55  Shield Battery  
  72  5:56  Gateway  
  74  5:58  Gateway x2  
  74  6:01  Gateway  
  74  6:04  Adept, Sentry  
  76  6:07  Adept  
  81  6:11  Probe  
  74  6:26  Stalker  
  74  6:29  Probe  
  77  6:36  Probe (Chrono Boost)  
  77  6:37  Adept x2  
  82  6:41  Robotics Facility  
  82  6:44  Probe (Chrono Boost)  
  82  6:45  Photon Cannon  
  85  6:47  Probe (Chrono Boost)  
  88  6:54  Probe (Chrono Boost)  
  88  6:57  Probe (Chrono Boost)  
  88  6:58  Gateway, Adept  
  88  6:59  Adept  
  88  7:01  Probe (Chrono Boost)  
  93  7:03  Adept  
  93  7:04  Adept x2  
  93  7:05  Probe  
  93  7:07  Shield Battery  
  98  7:18  Blink  
  98  7:19  Pylon, Adept  
  100  7:27  Adept  
  100  7:31  Probe  
  100  7:32  Pylon  
  100  7:36  Warp Prism (Chrono Boost)  
  101  7:40  Adept x3  
  109  7:45  Pylon  
  109  7:50  Probe  
  110  7:55  Adept x3  
  110  7:58  Pylon  
  116  8:03  Pylon  
  116  8:04  Observer (Chrono Boost)  
  117  8:09  Pylon  
  117  8:12  Adept x3  
  120  8:13  Adept x2  
  116  8:23  Adept x3  
  110  8:31  Adept  
  110  8:32  Adept  
  110  8:33  Sentry  
  89  8:42  Probe x2  
  89  8:45  Adept x2  
  91  8:52  Pylon  
  91  8:54  Probe x2  
  90  9:04  Pylon  
  90  9:06  Probe  
  90  9:07  Adept, Probe  
  90  9:08  Adept  
  90  9:09  Adept  
  82  9:19  Probe  
  82  9:22  Stalker x4  
  89  9:31  Stalker x2  
  93  9:32  Probe (Chrono Boost)  
  96  9:42  Probe x2 (Chrono Boost), Sentry  
  96  9:43  Stalker  
  100  9:47  Observer (Chrono Boost)  
  101  10:00  Adept x3  
  101  10:01  Adept  
  101  10:03  Adept  
  101  10:04  Adept  
  113  10:07  Adept  
  106  10:25  Adept  
  106  10:26  Adept  
  106  10:28  Adept x3  
  72  10:44  Stalker x2  
  71  10:53  Stalker  
  73  10:58  Pylon  
  73  11:11  Stalker x3  
  79  11:23  Stalker x2  
  83  11:26  Adept  
  85  11:40  Nexus  
  85  11:54  Twilight Council  
  77  12:11  Sentry  
  77  12:14  Robotics Bay  
  79  12:16  Pylon  
  79  12:17  Probe x2  
  81  12:28  Immortal (Chrono Boost)  
  81  12:29  Probe x2  
  83  12:32  Templar Archives  
  87  12:39  Adept  
  87  12:41  Probe x2  
  91  12:50  Psionic Storm, Charge (Chrono Boost)  
  84  12:53  Stalker, Probe  
  84  12:54  Probe  
  74  13:10  Pylon  
  65  13:15  Probe  
  65  13:17  High Templar  
  68  13:22  High Templar x2  
  68  13:26  Assimilator  
  72  13:27  Probe  
  69  13:39  Probe  
  74  13:42  High Templar, Zealot  
  74  13:45  Pylon  
  78  13:52  Zealot x2  
  78  13:55  Probe x2  
  83  13:56  Probe  
  83  14:00  Assimilator  
  83  14:02  Zealot x2  
  89  14:05  Zealot  
  85  14:11  Zealot x2  
  76  14:21  Zealot x3  
Show
View Real Time Build Order
Export as new Build Order

iGXY Terran - Winner!

Build Orders:  

Get SALT Encoding   

  12  0:00  SCV  
  13  0:12  SCV  
  14  0:17  Supply Depot  
  14  0:24  SCV  
  15  0:38  SCV  
  15  0:40  Barracks  
  16  0:43  Refinery  
  16  0:50  SCV  
  17  1:03  SCV  
  18  1:15  SCV  
  19  1:27  Marine, Orbital Command  
  20  1:41  Command Center  
  20  1:46  Barracks Reactor  
  20  1:53  SCV  
  21  1:56  Supply Depot  
  21  2:05  SCV  
  22  2:08  Factory  
  22  2:17  SCV  
  22  2:19  Bunker  
  23  2:23  Refinery  
  23  2:24  Reaper  
  23  2:29  SCV  
  25  2:30  Marine  
  26  2:41  SCV  
  28  2:53  SCV  
  28  2:55  Starport  
  28  2:56  Hellion  
  31  3:00  Orbital Command  
  30  3:05  SCV  
  30  3:12  Marine x2  
  33  3:17  Hellion  
  33  3:18  SCV  
  36  3:25  SCV  
  37  3:30  Marine x2  
  38  3:36  SCV  
  38  3:38  Medivac, Hellion  
  43  3:43  SCV  
  43  3:48  Barracks  
  43  3:49  SCV  
  43  3:53  Supply Depot  
  44  3:57  SCV  
  44  4:01  SCV  
  46  4:03  Factory Tech Lab  
  46  4:09  SCV, Supply Depot  
  46  4:13  SCV  
  46  4:15  Viking  
  46  4:21  SCV  
  46  4:22  Marine x2  
  49  4:25  SCV  
  49  4:26  Cyclone  
  53  4:33  SCV  
  53  4:35  Barracks  
  54  4:39  SCV, Engineering Bay  
  55  4:46  Marine x2  
  55  4:47  SCV  
  55  4:51  SCV  
  55  4:57  Starport Tech Lab  
  55  4:59  SCV  
  54  5:03  SCV  
  54  5:04  Marine, Stimpack  
  54  5:05  Marine  
  54  5:06  Widow Mine  
  57  5:08  Terran Infantry Weapons Level 1  
  57  5:09  Supply Depot, Refinery  
  57  5:11  SCV  
  58  5:16  SCV  
  59  5:23  SCV  
  59  5:24  Supply Depot  
  59  5:26  Marine  
  59  5:27  Marine, Starport Reactor  
  62  5:31  Widow Mine, SCV  
  64  5:35  SCV  
  64  5:42  Supply Depot  
  64  5:43  SCV, Supply Depot  
  64  5:45  Marine, Marauder  
  64  5:46  Marauder  
  64  5:48  SCV  
  71  5:55  Combat Shield, SCV, Factory Tech Lab  
  72  6:00  SCV  
  72  6:02  Marine  
  72  6:03  Marine, Refinery  
  75  6:06  Medivac  
  75  6:07  SCV  
  78  6:12  Medivac  
  79  6:19  SCV  
  79  6:23  Marine x2, Marauder x2  
  79  6:35  Siege Tank  
  79  6:40  Marine  
  79  6:41  Marine  
  79  6:44  Concussive Shells, Marauder x2  
  85  6:48  Medivac, Viking  
  89  6:54  Command Center  
  89  6:56  Supply Depot  
  89  6:59  Supply Depot  
  89  7:02  Terran Infantry Armor Level 1  
  89  7:04  Marine x2  
  89  7:05  Marine x2  
  93  7:11  SCV  
  93  7:12  SCV, Supply Depot  
  94  7:17  Missile Turret  
  94  7:19  Missile Turret  
  94  7:22  Medivac x2  
  98  7:26  Siege Tank  
  98  7:28  Marauder, Marine x2  
  98  7:29  SCV  
  104  7:33  SCV  
  105  7:38  Marauder  
  106  7:46  Marine x2, SCV  
  106  7:47  SCV  
  106  7:49  Marauder  
  106  7:50  Barracks x2  
  112  7:58  Siege Tank  
  112  8:00  SCV  
  112  8:01  Marauder  
  116  8:06  Medivac  
  116  8:07  Medivac  
  116  8:11  Marauder  
  102  8:25  Marine, Marauder  
  89  8:30  SCV, Siege Tank  
  89  8:32  Marauder  
  89  8:39  Marine  
  89  8:41  Orbital Command  
  89  8:43  Marine, SCV  
  89  8:47  Marauder  
  93  8:53  Marine  
  88  8:56  Marine  
  88  9:00  SCV  
  88  9:01  Marine  
  88  9:08  Marauder  
  89  9:11  Marine  
  89  9:12  SCV x2  
  89  9:14  Missile Turret  
  89  9:15  Marine  
  93  9:20  Medivac  
  87  9:31  Siege Tank  
  87  9:32  SCV x2  
  87  9:39  Marine x4  
  87  9:40  Bunker  
  91  9:45  Orbital Command  
  91  9:51  SCV  
  92  9:57  Marauder x2, Marine, Ghost Academy  
  97  10:06  Siege Tank  
  100  10:08  Marine x2, Orbital Command  
  100  10:12  SCV x2  
  104  10:16  Marine  
  104  10:18  Marauder  
  104  10:19  Marauder  
  102  10:26  Marine x2  
  92  10:33  Marine  
  83  10:39  Marauder  
  83  10:40  Marauder  
  86  10:44  Marine x2  
  86  10:46  SCV  
  86  10:49  SCV  
  85  10:51  Marine  
  85  10:55  SCV  
  87  10:57  Siege Tank  
  87  10:59  SCV  
  87  11:01  Marauder  
  87  11:07  Marauder, Orbital Command, Marine  
  90  11:12  SCV x2  
  92  11:19  Supply Depot  
  92  11:22  Marauder  
  92  11:24  SCV x2  
  96  11:30  Supply Depot  
  96  11:32  Marine x2  
  98  11:36  SCV x2  
  98  11:37  Marine x2  
  102  11:43  Marine, Supply Depot  
  103  11:48  SCV x2  
  103  11:50  Marine x2  
  101  12:07  Marauder x2, Orbital Command  
  91  12:08  Marine x3  
  91  12:09  Siege Tank  
  91  12:12  SCV x2  
  99  12:20  Bunker  
  99  12:24  SCV x2  
  99  12:27  Marine x3  
  99  12:29  Marauder x2  
  108  12:36  Supply Depot  
  108  12:41  Siege Tank  
  110  12:45  Marine x2  
  110  12:46  SCV  
  110  12:47  Missile Turret  
  110  12:50  Marauder  
  109  12:53  Marine, Marauder  
  109  12:57  SCV  
  107  13:04  SCV x2  
  100  13:06  Marine  
  100  13:09  SCV  
  100  13:11  Marauder  
  95  13:13  Marine x2  
  95  13:16  SCV x2  
  99  13:24  Marine x2  
  101  13:31  SCV  
  101  13:33  SCV x2  
  100  13:44  SCV  
  101  13:49  SCV  
  101  13:52  Ghost  
  95  14:22  Marauder x2, Marine x2  
  95  14:23  Marine  
Tags
 
Add a new tag
Caveats
  • Supply blocks, unpowered buildings, or Contaminate may cause inaccurate times.
  • Supply counts are checked every 10 seconds.